 Dungeon Crawl Stone Soup version 0.32-a0-900-g30fb1b0edc (webtiles) character file.

Game seed: 1800581393146259203

32 Doorstop00 the Chopper (level 3, 0/49 HPs)
             Began as a Minotaur Berserker on Apr 5, 2024.
             Was a Follower of Trog.
             Slain by a hobgoblin (1 damage)
             ... on level 1 of the Dungeon.
             The game lasted 00:02:13 (411 turns).

Doorstop00 the Chopper (Minotaur Berserker)          Turns: 411, Time: 00:02:14

Health: 0/49       AC:  2    Str: 21    XL:     3   Next: 8%
Magic:  2/2        EV:  9    Int:  6    God:    Trog [*.....]
Gold:   0          SH:  6    Dex:  9    Spells: 2/2 levels left

rFire   . . .        a - +0 hand axe
rCold   . . .        c - +0 kite shield
rNeg    . . .        b - +0 animal skin
rPois   .            (helmet restricted)
rElec   .            (no cloak)
rCorr   .            (no gloves)
SInv    .            (no boots)
Will    .....        (no amulet) Stlth
                     (no ring)
HPRegen 0.28/turn    (no ring)
MPRegen 0.08/turn

%: no passive effects
@: berserking, very quick
A: horns 2, retaliatory headbutt
a: Renounce Religion, Berserk


You were on level 1 of the Dungeon.
You worshipped Trog.
Trog was aware of your devotion.
You visited 1 branch of the dungeon, and saw 1 of its levels.

Inventory:

Hand Weapons
 a - a +0 hand axe (weapon)
Armour
 b - a +0 animal skin (worn)
 c - a +0 kite shield (worn)
Scrolls
 d - a scroll of fog {unknown}


   Skills:
 * Level 4.2 Fighting
 * Level 4.3 Axes
 * Level 2.6 Armour
 * Level 2.3 Dodging
 * Level 0.7 Shields


You had 2 spell levels left.
You didn't know any spells.
Your spell library was empty.

Dungeon Overview and Level Annotations

Branches:
Dungeon (1/15)

Altars:


Innate Abilities, Weirdness & Mutations

You have a pair of horns on your head.
You reflexively headbutt those who attack you in melee.


Message History

Increase (S)trength, (I)ntelligence, or (D)exterity?
You feel clever. x2
You closely miss the ball python. You headbutt the ball python.
You kill the ball python!
Trog accepts your kill. The endoplasm closely misses you.
You hit the endoplasm but do no damage. The endoplasm freezes you.
You are frozen.
* * * LOW HITPOINT WARNING * * *
The ball python hisses angrily.
You hit the endoplasm.
The endoplasm is severely wounded.
A rat comes into view.
You block the endoplasm's attack.
The rat squeaks loudly.
You hit the endoplasm but do no damage.
You headbutt the endoplasm, but do no damage.
The endoplasm is severely wounded.
The endoplasm hits you but does no damage.
You hit the endoplasm.
You kill the endoplasm!
Trog accepts your kill. The hobgoblin hits you.
* * * LOW HITPOINT WARNING * * *
You barely miss the hobgoblin. You block the hobgoblin's attack.
You closely miss the hobgoblin. The hobgoblin barely misses you.
You hit the hobgoblin but do no damage. You block the hobgoblin's attack.
A red film seems to cover your vision as you go berserk!
You feel yourself moving faster!
You feel mighty! The rat bites you but does no damage.
The hobgoblin barely misses you.
You barely miss the hobgoblin. You closely miss the rat. The rat misses you.
The hobgoblin hits you.
* * * LOW HITPOINT WARNING * * *
You barely miss the hobgoblin. Your headbutt misses the hobgoblin.
You slash the rat!
You kill the rat!
Trog accepts your kill. The hobgoblin hits you.
You die...

#.#
###.###
#.....#
#.....#
#.....#
#.....#
#.....#
#.....#
#.@.#..#
#Sg###.#
##.. .#
.... ##
...#..
..###..
_.# #.#
.. .#


You could see a hobgoblin and a ball python.

Vanquished Creatures
  2 dart slugs (D:1)
  4 ball pythons (D:1)
  A bat (D:1)
  An endoplasm (D:1)
  3 hobgoblins (D:1)
  5 quokkas (D:1)
  2 frilled lizards (D:1)
  3 kobolds (D:1)
  5 rats (D:1)
26 creatures vanquished.

Notes
Turn   | Place    | Note
-------+----------+-------------------------------------------
     0 | D:1      | Doorstop00 the Minotaur Berserker began the quest for the
                  | Orb.
     0 | D:1      | Reached XP level 1. HP: 19/19 MP: 0/0
    73 | D:1      | Reached XP level 2. HP: 15/27 MP: 1/1
   356 | D:1      | Reached ** piety under Trog
   391 | D:1      | Found a faded altar of an unknown god.
   401 | D:1      | Reached XP level 3. HP: 8/33 MP: 2/2
   410 | D:1      | HP: 1/49 [hobgoblin (5)]
   411 | D:1      | Slain by a hobgoblin

Illustrated notes

Levels and vault maps discovered:
D:1:      dpeg_arrival_three_bigger_balls, layout_rooms,
          nicolae_ecumenical_snake_handling

Skill      XL: |  1  2 |
---------------+-------+-----
Axes           | 4 |  4.3
Fighting       | 4 |  4.2
Armour         | |  2.6
Dodging        | |  2.3
Shields        | |  0.7

Action                     || total
---------------------------++-------
  Melee: Hand axe          ||    54
         Headbutt          ||    10
 Invoke: Berserk           ||     1
 Armour: Animal skin       ||    46
  Dodge: Dodged            ||    25
  Block: Kite shield       ||    20

Table legend: (Time is in decaauts)
 A = Elapsed time spent in this place.
 B = Non-inter-level travel time spent in this place.
 C = Inter-level travel time spent in this place.
 D = Time resting spent in this place.
 E = Time spent auto-exploring this place.
 F = Levels seen in this place.
 G = Mean time per level.
                   A        B        C        D        E       F      G
               +--------+--------+--------+--------+--------+-----+--------+
         Total |    422 |    422 |      0 |    180 |    122 |   1 |  422.0 |
       Dungeon |    422 |    422 |      0 |    180 |    122 |   1 |  422.0 |
               +--------+--------+--------+--------+--------+-----+--------+

Top non-repeatable levels by time:
     D:1: 422 daAuts
